 Dungeon Sprint DCSS version 0.28.0 (webtiles) character file.

Game seed: 4425362527348117071

23153 rocky1 the End of an Era (level 12, -6/107 HPs)
             Began as a Demonspawn Gladiator on Feb 10, 2022.
             Was the Champion of Qazlal.
             Mangled by an ettin (29 damage)
             ... in the Dungeon (Sprint IX: "|||||||||||||||||||||||||||||").
             The game lasted 00:23:33 (4496 turns).

rocky1 the End of an Era (Demonspawn Gladiator)     Turns: 4496, Time: 00:23:33

Health: -6/107     AC: 27    Str: 22    XL:     12   Next: 69%
Magic:  11/25      EV: 12    Int: 11    God:    Qazlal [******]
Gold:   1269       SH:  8    Dex: 14    Spells: 11/11 levels left

rFire   + . .      SeeInvis .   a - +0 long sword
rCold   . . .      Faith    .   (no shield)
rNeg    . . .      Spirit   .   F - +0 plate armour of Gluttony {Rampage +Blink rPois Regen+}
rPois   +          Reflect  .   B - +0 hat {Will+}
rElec   .          Harm     .   E - +1 cloak
rCorr   .          Rampage  +   (no gloves)
Will    +....      NoTele   +   (no boots)
Stlth   ..........              (no amulet)
HPRegen 4.07/turn               r - +3 ring of strength
MPRegen 0.19/turn               p - ring of protection from fire

@: protected from physical damage, sanguine armoured, repel missiles
A: ignite blood 2, powered by death 2, sanguine armour 1, weakness stinger 1
a: Renounce Religion, Evoke Blink, Upheaval, Elemental Force, Disaster Area


You were in the Dungeon.
You worshipped Qazlal.
Qazlal was exalted by your worship.
You visited 1 branch You collected 1933 gold pieces.
You spent 664 gold pieces at shops.

Inventory:

Hand Weapons
 a - a +0 long sword (weapon)
 b - the +2 rapier of Impatience {drain, rElec rCorr}
   (You found it in the Dungeon)

   A truly terrible weapon, it drains the life of any living foe it strikes.
   rElec:     It insulates you from electricity.
   rCorr:     It protects you from acid and corrosion.
 x - a +3 bardiche of venom
 C - a +1 double sword
 D - a +1 great sword
Missiles
 d - 6 throwing nets (quivered)
Armour
 z - a +0 cloak of preservation
 A - a +2 scale mail of cold resistance
 B - a +0 hat of willpower (worn)
 E - a +1 cloak (worn)
 F - the +0 plate armour of Gluttony (worn) {Rampage +Blink rPois Regen+}
   (You found it in the Dungeon)

   rPois:     It protects you from poison.
   +Blink:    It lets you blink.
   Regen:     It increases your rate of health regeneration.
   Rampage:   It bestows one free step when moving towards enemies.
 G - a +1 pair of gloves
 H - +0 acid dragon scales
Jewellery
 c - a ring of protection from cold
 o - a ring of protection from cold
 p - a ring of protection from fire (right hand)
 q - a +3 ring of intelligence
 r - a +3 ring of strength (left hand)
Wands
 l - a wand of acid (4)
 w - a wand of polymorph (8)
Scrolls
 j - 6 scrolls of blinking
 k - 2 scrolls of amnesia
 m - 2 scrolls of identify
 n - 4 scrolls of enchant weapon
 s - 2 scrolls of enchant armour
 t - 3 scrolls of fog
 y - a scroll of holy word
 J - a scroll of fear
Potions
 e - 4 potions of curing
 f - 2 potions of berserk rage
 g - a potion of cancellation
 h - 2 potions of magic
 i - 9 potions of heal wounds
 u - 2 potions of mutation
 I - a potion of might


   Skills:
 + Level 14.2 Fighting
 + Level 14.6 Long Blades
 - Level 1.7 Throwing
 + Level 13.0 Armour
 + Level 13.4 Dodging
 + Level 18.1 Invocations
 - Level 11.3 Evocations


You had 11 spell levels left.
You didn't know any spells.
Your spell library was empty.

Dungeon Overview and Level Annotations

Branches:
Dungeon (1/1)

Altars:
Cheibriados
Dithmenos
Elyvilon
Fedhas
Gozag
Hepliaklqana
Kikubaaqudgha
Makhleb
Nemelex Xobeh
Okawaru
Qazlal
Ru
Sif Muna
Trog
Uskayaw
Vehumet
Wu Jian
Xom
Yredelemnul
Zin
The Shining One
Beogh
Jiyva
Lugonu

Shops:
D :[[?


Innate Abilities, Weirdness & Mutations

Your demonic aura often causes spilled blood to erupt in flames.
You regenerate health from kills.
When seriously injured, your blood forms armour. (AC +6)
You have a small tail.


Message History

The quicksilver ooze changes into an ettin!
The ettin is engulfed in blazing flames.
You block the ettin's attack.
The ettin hits you with a +0 dire flail!!
You feel more protected from physical attacks.
An ettin comes into view. It is wielding two +0 dire flails.
You barely miss the ettin.
The ettin is heavily wounded.
The ettin is engulfed in blazing flames.
The ettin hits you with a +0 dire flail!!
Your blood congeals into armour.
The ettin hits you with a +0 dire flail!!
* * * LOW HITPOINT WARNING * * *
You feel more protected from physical attacks.
Activating: Disaster Area (0% risk of failure)
Press: ? - help, Dir - look around, f - activate Nature churns violently around you!
The cutting wind hits the fire dragon!
The fire dragon is lightly wounded.
The cutting wind hits the glowing orange brain!!!
The glowing orange brain is severely wounded.
The blast of magma engulfs the glowing orange brain!!
You kill the glowing orange brain!
Qazlal accepts your kill.
The blast of magma engulfs the ettin!!!
The ettin is heavily wounded.
The blast of magma engulfs the fire dragon!!
The fire dragon partially resists.
The fire dragon is heavily wounded.
The blast of magma engulfs the ettin!!!
The ettin is severely wounded.
The blast of rubble hits the fire dragon!!!
The fire dragon is almost dead.
The blast of rubble hits the ettin!!
You kill the ettin!
Qazlal accepts your kill.
The ettin changes into a satyr!
The ettin is engulfed in blazing flames.
The ettin hits you with a +0 dire flail!!
You die...

▓▓▓▓▓▓▓▓▓▓▓▓▓▓▓▓▓▓▓▓▓▓▓▓
≈)≈D§cC@)†..≈≈≈........[
▓▓▓▓▓▓▓▓▓▓▓▓▓▓▓▓▓▓▓▓▓▓▓▓▓▓▓▓▓▓▓▓▓
.................................
▓▓▓▓▓▓▓▓▓▓▓▓▓▓▓▓▓▓▓▓▓▓▓▓▓▓▓▓▓▓▓▓▓
..'..)..∩.∩.∩.∩..).))....[...[[..
▓▓▓▓▓▓▓▓▓▓▓▓▓▓▓▓▓▓▓▓▓▓▓▓▓▓▓▓▓▓▓▓▓
............)....................
▓▓▓▓▓▓▓▓▓▓▓▓▓▓▓▓▓▓▓▓▓▓▓▓▓▓▓▓▓▓▓▓▓
[[[[..'........†...'......÷÷.'...


You could see a fire dragon, an ettin and a satyr shaped shifter.

Vanquished Creatures
  Gastronok (D)
  An ettin (D)
  Harold (D)
  2 catoblepae (D)
  2 hydras (D)
  A boulder beetle (D)
  A centaur warrior (D)
  A two-headed ogre (D)
  3 death yaks (D)
  3 tengu warriors (D)
  6 orc high priests (D)
  A glowing orange brain (D)
  9 orc knights (D)
  A deep elf pyromancer (D)
  2 cyclopes (D)
  A black mamba (shapeshifter) (D)
  Psyche (D)
  A cane toad (D)
  An unseen horror (D)
  A komodo dragon (D)
  A troll (D)
  A polar bear (D)
  A blink frog (D)
  A dream sheep (D)
  A slime creature (D)
  Eustachio (D)
  4 yaks (D)
  A wyvern (D)
  A fire bat (shapeshifter) (D)
  4 basilisks (D)
  A vampire mosquito (D)
  An acid dragon (D)
  3 water moccasins (D)
  A black bear (D)
  7 orc warriors (D)
  A wolf (D)
  A bullfrog (D)
  A gnoll sergeant (D)
  2 scorpions (D)
  6 orc priests (D)
  5 orc wizards (D)
  An ufetubus (D)
  An adder zombie (D)
  7 orcs (D)
  A bat skeleton (D)
  2 hobgoblins (D)
  A bat (D)
  A goblin (D)
  A rat (D)
100 creatures vanquished.

Notes
Turn   | Place    | Note
-------+----------+-------------------------------------------
     0 | D        | rocky1 the Demonspawn Gladiator began the quest for the
                  | Orb.
     0 | D        | Reached XP level 1. HP: 16/16 MP: 1/1
   538 | D        | Noticed a scorpion
   538 | D        | Noticed a scorpion
   538 | D        | Noticed an orc wizard
   550 | D        | Killed an orc wizard
   551 | D        | Gained mutation: You regenerate a little health from kills.
                  | [demonic ancestry]
   551 | D        | Reached XP level 2. HP: 22/22 MP: 2/2
   551 | D        | Reached XP level 3. HP: 27/27 MP: 3/3
   554 | D        | Killed a scorpion
   555 | D        | Reached XP level 4. HP: 14/33 MP: 4/4
   565 | D        | Killed a scorpion
   566 | D        | Reached XP level 5. HP: 2/38 MP: 5/5
  1066 | D        | Found a snail-covered altar of Cheibriados.
  1066 | D        | Found a shadowy altar of Dithmenos.
  1066 | D        | Found a blossoming altar of Fedhas.
  1066 | D        | Found an opulent altar of Gozag.
  1067 | D        | Found a hazy altar of Hepliaklqana.
  1068 | D        | Found a viscous altar of Jiyva.
  1069 | D        | Found an ancient bone altar of Kikubaaqudgha.
  1070 | D        | Found a corrupted altar of Lugonu.
  1071 | D        | Found a burning altar of Makhleb.
  1072 | D        | Found a sparkling altar of Nemelex Xobeh.
  1073 | D        | Found an iron altar of Okawaru.
  1074 | D        | Found a stormy altar of Qazlal.
  1075 | D        | Found a sacrificial altar of Ru.
  1076 | D        | Found a shimmering blue altar of Sif Muna.
  1077 | D        | Found a bloodstained altar of Trog.
  1078 | D        | Found a hide-covered altar of Uskayaw.
  1079 | D        | Found a radiant altar of Vehumet.
  1080 | D        | Found an ornate altar of the Wu Jian Council.
  1081 | D        | Found a shimmering altar of Xom.
  1082 | D        | Became a worshipper of Qazlal Stormbringer
  1083 | D        | Found a basalt altar of Yredelemnul.
  1101 | D        | Got the +2 rapier of Impatience {drain, rElec rCorr}
  1133 | D        | Noticed a troll
  1133 | D        | Noticed an acid dragon
  1133 | D        | Noticed a two-headed ogre
  1137 | D        | Killed a two-headed ogre
  1138 | D        | Reached skill level 10 in Long Blades
  1138 | D        | Reached skill level 5 in Invocations
  1138 | D        | Reached XP level 6. HP: 22/48 MP: 5/9
  1145 | D        | Killed an acid dragon
  1146 | D        | Reached skill level 5 in Dodging
  1146 | D        | Gained mutation: When seriously injured, your blood forms
                  | armour. (AC +6) [demonic ancestry]
  1146 | D        | Reached XP level 7. HP: 37/55 MP: 5/11
  1148 | D        | Reached * piety under Qazlal
  1158 | D        | Killed a troll
  1159 | D        | Reached skill level 5 in Fighting
  1159 | D        | Reached skill level 6 in Invocations
  1159 | D        | Reached skill level 5 in Evocations
  1166 | D        | Reached skill level 7 in Invocations
  1168 | D        | Reached ** piety under Qazlal
  1665 | D        | Noticed a deep elf pyromancer
  1665 | D        | Noticed a basilisk
  1665 | D        | Noticed a tengu warrior
  1665 | D        | Noticed a vampire mosquito
  1665 | D        | Noticed a polar bear
  1665 | D        | Noticed a black mamba
  1665 | D        | a polar bear changed into a black mamba
  1670 | D        | Killed a vampire mosquito
  1671 | D        | Killed a tengu warrior
  1672 | D        | Reached skill level 5 in Armour
  1672 | D        | Reached skill level 8 in Invocations
  1672 | D        | Reached XP level 8. HP: 45/65 MP: 6/14
  1684 | D        | Killed a black mamba
  1685 | D        | Reached skill level 9 in Invocations
  1685 | D        | Gained mutation: Your demonic aura sometimes causes spilled
                  | blood to erupt in flames. [demonic ancestry]
  1685 | D        | Reached XP level 9. HP: 34/72 MP: 11/16
  1688 | D        | Killed an unseen horror
  1689 | D        | Reached skill level 10 in Invocations
  1695 | D        | Killed a deep elf pyromancer
  1695 | D        | Reached *** piety under Qazlal
  2330 | D        | Noticed a six-headed hydra
  2330 | D        | Noticed a four-headed hydra
  2334 | D        | Killed a four-headed hydra
  2335 | D        | Reached skill level 11 in Invocations
  2335 | D        | Killed a six-headed hydra
  2335 | D        | Reached **** piety under Qazlal
  2336 | D        | Gained mutation: You regenerate health from kills. [demonic
                  | ancestry]
  2336 | D        | Reached XP level 10. HP: 83/83 MP: 16/18
  2352 | D        | Reached skill level 12 in Invocations
  2368 | D        | Reached ***** piety under Qazlal
  2564 | D        | Noticed a cane toad
  2564 | D        | Noticed a boulder beetle
  2571 | D        | Killed a cane toad
  2583 | D        | Killed a boulder beetle
  2584 | D        | Reached skill level 10 in Fighting
  2584 | D        | Reached skill level 13 in Invocations
  3005 | D        | Noticed a catoblepas
  3005 | D        | Noticed a death yak
  3005 | D        | Noticed a death yak
  3005 | D        | Noticed a death yak
  3006 | D        | Killed a death yak
  3007 | D        | Reached skill level 10 in Dodging
  3007 | D        | Reached skill level 10 in Evocations
  3007 | D        | Killed a catoblepas
  3007 | D        | Killed a death yak
  3007 | D        | Killed a catoblepas
  3008 | D        | Reached skill level 14 in Invocations
  3008 | D        | Gained mutation: Your demonic aura often causes spilled
                  | blood to erupt in flames. [demonic ancestry]
  3008 | D        | Reached XP level 11. HP: 93/93 MP: 3/21
  3010 | D        | Killed a death yak
  3015 | D        | Reached skill level 10 in Armour
  3171 | D        | Noticed Eustachio
  3186 | D        | Killed Eustachio
  3217 | D        | Noticed Psyche
  3232 | D        | Killed Psyche
  3281 | D        | Reached ****** piety under Qazlal
  3390 | D        | Noticed an orc knight
  3390 | D        | Noticed an orc knight
  3398 | D        | Killed an orc knight
  3404 | D        | Killed an orc knight
  3625 | D        | Found Etwinoez's Magic Scroll Boutique.
  3625 | D        | Noticed an orc high priest
  3625 | D        | Noticed an orc knight
  3625 | D        | Noticed an orc knight
  3625 | D        | Noticed an orc knight
  3625 | D        | Noticed an orc knight
  3626 | D        | Killed an orc knight
  3626 | D        | Killed an orc knight
  3626 | D        | Killed an orc high priest
  3627 | D        | Reached skill level 15 in Invocations
  3630 | D        | Killed an orc knight
  3630 | D        | Noticed an orc knight
  3631 | D        | Killed an orc knight
  3632 | D        | Noticed an orc high priest
  3635 | D        | Killed an orc high priest
  3635 | D        | Noticed an orc high priest
  3636 | D        | Reached skill level 16 in Invocations
  3637 | D        | Killed an orc knight
  3638 | D        | Gained mutation: You have a small tail. [demonic ancestry]
  3638 | D        | Reached XP level 12. HP: 103/103 MP: 4/24
  3641 | D        | Found Dablaa's Antique Armour Shop.
  3645 | D        | Noticed an orc high priest
  3647 | D        | Killed an orc high priest
  3647 | D        | Killed an orc high priest
  3648 | D        | Found Foeri's Antique Armour Boutique.
  3806 | D        | Found Heyf's Book Shop.
  3810 | D        | Noticed an orc high priest
  3811 | D        | Noticed an orc high priest
  3816 | D        | Killed an orc high priest
  3819 | D        | Killed an orc high priest
  3820 | D        | Reached skill level 17 in Invocations
  3910 | D        | Bought 3 scrolls of blinking for 292 gold pieces
  3910 | D        | Bought a scroll of holy word for 97 gold pieces
  3914 | D        | Bought an embroidered cloak for 142 gold pieces
  3914 | D        | Bought a glowing scale mail for 133 gold pieces
  3960 | D        | Noticed Gastronok
  3980 | D        | Killed Gastronok
  4031 | D        | Noticed Harold
  4041 | D        | Killed Harold
  4236 | D        | Got the +0 plate armour of Gluttony {Rampage +Blink rPois
                  | Regen+}
  4472 | D        | Noticed a tengu warrior
  4472 | D        | Noticed a centaur warrior
  4473 | D        | Killed a centaur warrior
  4473 | D        | Killed a tengu warrior
  4474 | D        | Reached skill level 18 in Invocations
  4474 | D        | Noticed a tengu warrior
  4482 | D        | Noticed an ettin
  4483 | D        | Noticed a fire dragon
  4485 | D        | Noticed a quicksilver ooze
  4485 | D        | a fire dragon changed into a quicksilver ooze
  4486 | D        | Killed a tengu warrior
  4488 | D        | Noticed a fire dragon
  4494 | D        | Noticed an ettin
  4494 | D        | a quicksilver ooze changed into an ettin
  4494 | D        | Noticed an ettin
  4496 | D        | Killed an ettin
  4496 | D        | Noticed a satyr
  4496 | D        | an ettin changed into a satyr
  4496 | D        | Mangled by an ettin

Illustrated notes

Levels and vault maps discovered:
D:        linesprint [early_d, line_temple, items_1, d_10, items_2, lair_1,
          lair_end, items_3, orc_1, orc_end, items_4, d_15, swamp_1, shoals_1,
          snake_1, spider_1, d_20, vaults_1, items_5, swamp_end, shoals_end,
          snake_end, spider_end, vaults_end, d_27, items_6, zot_1, zot_end,
          crypt_end, forest_end, elf_end, slime_end, tomb_end, abyss_end,
          pan_hell_end]

Skill      XL: |  1  2  3  4  5  6  7  8  9 10 11 12 |
---------------+-------------------------------------+-----
Long Blades    | 6 8 9 10 11 12 13 14 | 14.6
Fighting       | 4 6 7 9 11 12 14 | 14.2
Armour         | 3 5 6 8 9 11 13 | 13.0
Dodging        | 4 5 6 7 8 10 12 13 | 13.4
Invocations    | 5 8 9 11 14 16 18 | 18.1
Evocations     | 3 4 6 7 8 10 11 | 11.3
Throwing       | |  1.7

Action                   |  1- 3 |  4- 6 |  7- 9 | 10-12 || total
-------------------------+-------+-------+-------+-------++-------
Melee: Long sword        |    34 |    10 |    15 |   147 ||   206
       Rapier            |       |     9 |    21 |       ||    30
       Tailslap          |       |       |       |    13 ||    13
       Punch             |       |       |       |     1 ||     1
Invok: Upheaval          |       |       |     6 |    28 ||    34
       Disaster Area     |       |       |       |     6 ||     6
Evoke: Wand              |       |     1 |     5 |       ||     6
  Use: Potion            |     1 |     3 |     4 |     3 ||    11
 Stab: Invisible         |       |       |       |     1 ||     1
Armor: Leather armour    |    13 |     1 |       |       ||    14
       Chain mail        |       |     3 |    21 |    28 ||    52
       Plate armour      |       |       |       |     7 ||     7
       Scale mail        |       |       |       |     2 ||     2
Dodge: Dodged            |    15 |    23 |    27 |    37 ||   102
Block: Other             |       |       |     3 |    28 ||    31
